 Dungeon Crawl Stone Soup version 0.24-a0-443-g80245de (webtiles) character file.

Game seed: 3188069606895672395

2359 CanOfBees the Summoner (level 9, -1/52 (54) HPs)
             Began as a Tengu Summoner on June 21, 2019.
             Was a Follower of Sif Muna.
             Slain by a bullfrog (6 damage)
             ... on level 7 of the Dungeon on June 22, 2019.
             The game lasted 00:26:51 (15598 turns).

CanOfBees the Summoner (Tengu Summoner)            Turns: 15598, Time: 00:26:52

HP:   -1/52 (54)    AC:  4    Str:  8    XL:     9   Next: 44%
MP:   17/19         EV: 16    Int: 19    God:    Sif Muna [*.....]
Gold: 391           SH:  0    Dex: 15    Spells: 6/20 levels left

rFire    + . .     SeeInvis .   L - +2 hand axe (elec)
rCold    . . .     Gourm    .   (no shield)
rNeg     + . .     Faith    .   y - +1 leather armour {rN+}
rPois    .         Spirit   .   (helmet restricted)
rElec    .         Reflect  .   (no cloak)
rCorr    .         Harm     .   (no gloves)
MR       .....                  (boots unavailable)
Stlth    ++........             (no amulet)
HPRegen  0.17/turn              n - ring of protection from fire
MPRegen  0.16/turn              (no ring)

@: berserk cooldown, flying quickly and evasively, hasted and slowed, quick
A: beak, talons 3, able to fly
a: Stop Flying, Divine Energy, Renounce Religion


You were on level 7 of the Dungeon.
You worshipped Sif Muna.
Sif Muna was aware of your devotion.
You were not hungry.

You visited 2 branches of the dungeon, and saw 8 of its levels.

You collected 391 gold pieces.

Inventory:

Hand Weapons
 a - a +0 spear
 b - a +0 halberd
 v - a +1 whip of venom
 D - a +1 dagger of electrocution
 K - a +2 hand axe of flaming
 L - a +2 hand axe of electrocution (weapon)
Missiles
 d - 4 javelins
 e - 173 stones (quivered)
 f - 124 arrows
 o - 14 bolts
 s - 3 silver boomerangs
 u - a throwing net
 C - 3 poisoned darts
Armour
 g - a +2 shield
 k - a +0 robe
 y - a +1 leather armour of positive energy (worn)
Magical Staves
 w - an uncursed staff of air
Jewellery
 n - a ring of protection from fire (left hand)
Wands
 I - a wand of disintegration (5)
Scrolls
 i - 5 scrolls of remove curse
 m - a scroll of fog {unknown}
 p - a scroll of amnesia
 q - a scroll of teleportation {unknown}
 t - a scroll of fear {unknown}
 A - a scroll of blinking {unknown}
 B - a scroll of enchant armour {unknown}
 E - a scroll of enchant weapon {unknown}
Potions
 j - 2 potions of lignification
 z - 2 potions of agility
 F - a potion of degeneration {unknown}
 G - a potion of magic {unknown}
 H - a potion of resistance {unknown}
Comestibles
 c - 4 rations
 l - 4 chunks of flesh


   Skills:
 + Level 5.1 Fighting
 - Level 1.2 Polearms
 - Level 3.0 Armour
 - Level 4.0 Dodging
 - Level 2.0 Stealth
 + Level 0.9 Shields
 + Level 6.3 Spellcasting
 + Level 8.3 Summonings
 + Level 2.4 Ice Magic
 - Level 3.1 Air Magic
 + Level 2.6 Invocations


You had 6 spell levels left.
You knew the following spells:

 Your Spells              Type           Power        Failure   Level  Hunger
a - Summon Small Mammal   Summ           ####         1%          1    None
b - Call Imp              Summ           #####...     1%          2    None
c - Call Canine Familiar  Summ           #####...     1%          3    ##.....
d - Summon Lightning Spi  Summ/Air       ####....     14%         4    ####...
e - Summon Ice Beast      Ice/Summ       ####....     17%         4    ####...

Your spell library contained the following spells:

 Spells                   Type           Power        Failure   Level  Hunger
 Summon Guardian Golem    Hex/Summ       ###.....     9%          3    ##.....


Dungeon Overview and Level Annotations

Branches:
Dungeon (7/15)             Temple (1/1) D:5

Altars:
Ashenzari
Cheibriados
Dithmenos
Elyvilon
Fedhas
Gozag
Hepliaklqana
Kikubaaqudgha
Makhleb
Nemelex Xobeh
Okawaru
Qazlal
Ru
Sif Muna
Trog
Uskayaw
Vehumet
Wu Jian
Xom
Yredelemnul
Zin
The Shining One

Annotations:
D:4 3 runed translucent doors, Lustness's ghost, amateur GrFi


Innate Abilities, Weirdness & Mutations

You have a beak for a mouth.
You have claws for feet.
You can fly continuously.


Message History

Your hound barely misses the orc warrior.
You feel yourself speed up. The bullfrog closely misses you.
Your hound bites the orc warrior but does no damage.
The bullfrog hits you.
* * * LOW HITPOINT WARNING * * *
The orc warrior closely misses you.
Your hound bites the orc warrior but does no damage.
Your hound barely misses the orc warrior.
It was a potion of berserk rage.
A red film seems to cover your vision as you go berserk!
You feel yourself moving faster!
You feel mighty!
You are too berserk!
Unknown command.
You feel a strong urge to attack something.
You feel your anger nearly subside.
You are no longer berserk.
You are exhausted.
You feel yourself slow down. The bullfrog hits you.
You die...

,.#..........#...#,,#....#,,,,,*,
,.'..........#...#,,#....#,,,,,*,
,,#..........'...#,,#....#,,,,,*,
###.......)..##'#####....#,,,***,
.###########........h...##******,
.#.....#...#............#,,,,,,,,
.#.....+..)#............#,,,,,,,,
.#.....#...#.....F......#,,,,,,,,
o+.....#...#....@.......'..,,,,,,
[###...##..#..)..)..)...###****>,
...#[).##..##)######......,,***,,
.#.#.#.#.#.#.#<#.#.#.......,*,,,,
...................+.......,*,,,,
.#.#.#.#.#.#.#.#)#.#......,,*'***
o..................#**###*,,,,,,,
.#.#.#.#.#.#.#.#.#.#,,,,,*,,,,,,,
...................#,,,,,+,,,,>,,


You could see a bullfrog and a friendly hound.

Vanquished Creatures
  Grinder (D:3)
  A hippogriff (D:6)
  An ice beast (D:7)
  A necrophage (D:6)
  A centaur (D:5)
  3 bullfrogs
  A wyvern zombie (D:7)
  A scorpion (D:7)
  A crimson imp (D:6)
  A centaur zombie (D:7)
  A hound (D:6)
  2 bullfrog skeletons
  2 centaur skeletons
  3 orc priests
  2 orc wizards
  2 worker ants
  A hound zombie (D:5)
  3 worker ant zombies
  3 adders
  2 oozes (D:4)
  3 adder zombies
  2 worms
  5 dart slugs
  3 leopard geckos
  19 orcs
  7 bats
  4 giant cockroaches
  6 goblins
  8 hobgoblins
  8 jackals
  3 quokkas
  A ball python (D:4)
  3 frilled lizards
  5 kobolds
  A quokka skeleton (D:4)
  4 rats
115 creatures vanquished.

Vanquished Creatures (collateral kills)
  Sigmund (D:3)
  Eustachio (D:4)
  2 orc warriors (D:6)
  An ice beast (D:5)
  2 ogres (D:6)
  A centaur (D:5)
  3 scorpions (D:4)
  4 hounds
  A centaur skeleton (D:6)
  A jelly (D:5)
  3 orc priests
  8 orc wizards
  Jessica (D:3)
  2 iguanas
  A worker ant (D:4)
  Robin (D:2)
  12 gnolls
  3 adders
  An ooze (D:3)
  2 worms
  29 orcs
  6 bats
  2 giant cockroaches
  8 goblins
  5 hobgoblins
  2 jackals
  4 quokkas
  A ball python (D:6)
  A frilled lizard (D:4)
  7 kobolds
116 creatures vanquished.

Grand Total: 231 creatures vanquished

Notes
Turn   | Place    | Note
-------+----------+-------------------------------------------
     0 | D:1      | CanOfBees the Tengu Summoner began the quest for the Orb.
     0 | D:1      | Reached XP level 1. HP: 10/10 MP: 4/4
   418 | D:1      | Reached XP level 2. HP: 16/16 MP: 4/6
   444 | D:1      | Reached skill level 5 in Summonings
   972 | D:1      | Reached skill level 1 in Fighting
  1130 | D:1      | Reached XP level 3. HP: 16/20 MP: 1/7
  1134 | D:1      | Learned a level 2 spell: Call Imp
  1138 | D:1      | Learned a level 3 spell: Call Canine Familiar
  2610 | D:2      | Reached XP level 4. HP: 22/25 MP: 8/8
  3005 | D:2      | Noticed Robin
  3018 | D:2      | Killed Robin
  4124 | D:3      | Noticed Sigmund
  4135 | D:3      | Killed Sigmund
  4135 | D:3      | Reached skill level 1 in Polearms
  4135 | D:3      | Gained mutation: You can fly continuously. [Tengu growth]
  4135 | D:3      | Reached XP level 5. HP: 28/30 MP: 4/11
  4457 | D:3      | Noticed Grinder
  4484 | D:3      | Killed Grinder
  4484 | D:3      | Reached skill level 6 in Summonings
  4484 | D:3      | Reached XP level 6. HP: 36/36 MP: 5/13
  5610 | D:3      | Noticed Jessica
  5611 | D:3      | Found a burning altar of Makhleb.
  5621 | D:3      | Killed Jessica
  5917 | D:3      | Learned a level 4 spell: Summon Lightning Spire
  6047 | D:4      | Reached XP level 7. HP: 28/41 MP: 6/14
  6187 | D:4      | Found a runed translucent gate.
  6405 | D:4      | Reached skill level 1 in Air Magic
  6943 | D:4      | Noticed Eustachio
  6964 | D:4      | Killed Eustachio
  7208 | D:3      | Found a glowing golden altar of the Shining One.
  7512 | D:4      | Reached skill level 5 in Spellcasting
  7603 | D:4      | Found a runed translucent gate.
  7604 | D:4      | Found a runed translucent gate.
  7606 | D:4      | Noticed Lustness's ghost (amateur GrFi)
  8406 | D:4      | Reached skill level 7 in Summonings
  8406 | D:4      | Reached XP level 8. HP: 47/47 MP: 7/16
  8813 | D:4      | Found a runed translucent gate.
  8814 | D:4      | Found a runed translucent gate.
  8815 | D:4      | Found a runed translucent gate.
  9105 | D:5      | Entered Level 5 of the Dungeon
  9913 | D:5      | Found a staircase to the Ecumenical Temple.
  9923 | Temple   | Entered the Ecumenical Temple
 10080 | Temple   | Became a worshipper of Sif Muna the Loreminder
 10138 | D:5      | Reached skill level 1 in Armour
 10732 | D:6      | Found a bloodstained altar of Trog.
 10821 | D:6      | Learned a level 4 spell: Summon Ice Beast
 11135 | D:6      | Reached skill level 1 in Invocations
 11202 | D:6      | Noticed a hippogriff
 11699 | D:6      | Found an ornate altar of the Wu Jian Council.
 11973 | D:6      | Reached skill level 1 in Ice Magic
 12141 | D:6      | Killed a hippogriff
 12141 | D:6      | Reached XP level 9. HP: 50/50 MP: 14/18
 12794 | D:6      | Found a glowing golden altar of the Shining One.
 12795 | D:6      | Found a shattered altar of Ashenzari.
 12798 | D:6      | Found a stormy altar of Qazlal.
 12798 | D:6      | Found a hazy altar of Hepliaklqana.
 13173 | D:6      | Reached skill level 8 in Summonings
 14553 | D:7      | Reached skill level 5 in Fighting
 14749 | D:7      | Reached * piety under Sif Muna
 15598 | D:7      | Slain by a bullfrog

Levels and vault maps discovered:
D:1:      lemuel_arrival_tunnels, layout_basic
D:2:      layout_basic, first_ration, uniq_robin
D:3:      lemuel_upstairs_altar, layout_basic, makhleb_heckhound_becter,
          portal_sewer_entry_e, uniq_sigmund, uniq_jessica, uniq_grinder
D:4:      layout_basic, gammafunk_ghost_necromancy, roderic_batcave,
          grunt_decor_fettered, uniq_eustachio
D:5:      layout_rooms, minmay_temple_entry_gardened_gates
D:6:      layout_basic, grunt_temple_overflow_cloverleaf, lemuel_doored_altar,
          basic_altar, kennysheep_generic_room_14
D:7:      layout_gridville, st_stairs_11
Temple:   regret_index_temple_sphere_string

Skill      XL: |  1  2  3  4  5  6  7  8  9 |
---------------+----------------------------+-----
Summonings     | 5 6 7 8 |  8.3
Fighting       | 1 2 3 4 5 |  5.1
Dodging        | 3 4 |  4.0
Polearms       | 1 |  1.2
Spellcasting   | 3 4 5 6 |  6.3
Air Magic      | 2 3 |  3.1
Armour         | 2 3 |  3.0
Invocations    | 1 2 |  2.6
Ice Magic      | 1 2 |  2.4
Stealth        | |  2.0
Shields        | |  0.9

Action                   |  1- 3 |  4- 6 |  7- 9 || total
-------------------------+-------+-------+-------++-------
Melee: Unarmed           |    39 |       |       ||    39
       Kick              |    14 |    18 |    65 ||    97
       Peck              |    10 |    11 |    31 ||    52
       Spear             |    41 |    94 |    56 ||   191
       Halberd           |       |       |   158 ||   158
       Hand axe          |       |       |    63 ||    63
Throw: Javelin           |    29 |     6 |    22 ||    57
       Stone             |    20 |    15 |    44 ||    79
       Dart              |       |       |    22 ||    22
 Cast: Summon Small Mamm |    12 |       |     1 ||    13
       Call Imp          |     9 |    40 |    43 ||    92
       Call Canine Famil |     2 |    13 |    23 ||    38
       Summon Lightning  |       |       |    13 ||    13
 Abil: Fly               |       |     1 |       ||     1
Evoke: Wand              |       |       |     2 ||     2
  Use: Scroll            |       |     3 |     5 ||     8
       Potion            |       |       |     5 ||     5
 Stab: Sleeping          |     1 |     2 |     3 ||     6
       Distracted        |       |       |     1 ||     1
  Eat: Chunk             |     6 |    13 |    16 ||    35
       Ration            |       |       |     5 ||     5
Armor: Robe              |    34 |    10 |     6 ||    50
       Leather armour    |       |       |    53 ||    53
Dodge: Dodged            |    93 |    62 |   287 ||   442
Block: Shield            |       |     5 |       ||     5

Table legend:
 A = Non-vault XP
 B = Vault XP
 C = Vault XP percentage of total XP
 D = Non-vault monster count
 E = Vault monster count
 F = Vault count percentage of total count
                 A         B        C        D         E       F
            +---------+---------+-------+---------+---------+-------
      Total |    2710 |     660 |  19.6 |     204 |      27 |  11.7
            +---------+---------+-------+---------+---------+-------
        D:1 |      43 |       0 |   0.0 |      26 |       0 |   0.0
        D:2 |      60 |      27 |  31.0 |      25 |      12 |  32.4
        D:3 |     115 |     344 |  74.9 |      29 |       4 |  12.1
        D:4 |     476 |     141 |  22.9 |      34 |       8 |  19.0
        D:5 |     563 |       0 |   0.0 |      34 |       0 |   0.0
        D:6 |     883 |      94 |   9.6 |      37 |       1 |   2.6
        D:7 |     570 |      54 |   8.7 |      19 |       2 |   9.5
            +---------+---------+-------+---------+---------+-------
